 Dungeon Crawl Stone Soup version 0.19-a0-38-ga776ef0 (webtiles) character file.

18 Eucla the Magician (level 2, -8/19 HPs)
             Began as a Demonspawn Wanderer on May 4, 2016.
             Mangled by a gnoll
             ... wielding a +0 halberd
              (11 damage)
             ... on level 1 of the Dungeon.
             The game lasted 00:03:46 (1114 turns).

Eucla the Magician (Demonspawn Wanderer)            Turns: 1114, Time: 00:03:46

Health: -8/19      AC:  2    Str: 11    XL:     2   Next: 48%
Magic:  4/7        EV: 11    Int: 13    God:
Gold:   0          SH:  0    Dex: 13    Spells: 3 memorised, 5 levels left

rFire  + . .     SeeInvis .       - Unarmed
rCold  . . .     Gourm    .     d - +0 robe
rNeg   . . .     Faith    .     (no shield)
rPois  .         Spirit   .     (no helmet)
rElec  .         Dismiss  .     (no cloak)
rCorr  .         Reflect  .     (no gloves)
SustAt .         Harm     .     (no boots)
MR     .....                    (no amulet)
Stlth  ++........               (no ring)
                                (no ring)

@: not resistant to hostile enchantments, unstealthy
A: fire resistance 1
a: no special abilities


You were on level 1 of the Dungeon.
You were hungry.

You visited 1 branch of the dungeon, and saw 1 of its levels.

Inventory:

Hand Weapons
 e - a +0 dagger
Armour
 d - a +0 robe (worn)
Scrolls
 c - a scroll of remove curse {unknown}
 i - 2 scrolls of amnesia {unknown}
 j - a scroll of blinking {unknown}
Books
 a - a book of Minor Magic

   Spells                             Type                      Level
   a - Magic Dart                     Conjuration                  1
   b - Blink                          Translocation                2
   c - Call Imp                       Summoning                    2
   d - Repel Missiles                 Charms/Air                   2
   e - Slow                           Hexes                        2
   f - Conjure Flame                  Conjuration/Fire             3
   g - Mephitic Cloud                 Conjuration/Poison/Air       3
 b - Byekevin's Grimoire of Transmutation

   Spells                             Type                      Level
   a - Beastly Appendage              Transmutation                1
   b - Spider Form                    Transmutation/Poison         3
Comestibles
 f - a bread ration
 g - 2 beef jerkies
 h - 3 fruits


   Skills:
 - Level 1.7 Stealth
 * Level 1.5 Unarmed Combat
 + Level 4.1 Spellcasting
 - Level 2.0 Conjurations
 - Level 1.7 Translocations


You had 5 spell levels left.
You knew the following spells:

 Your Spells              Type           Power        Failure   Level  Hunger
a - Magic Dart            Conj           #...         10%         1    None
b - Beastly Appendage     Trmt           #.....       21%         1    None
c - Blink                 Tloc           N/A          17%         2    ##.....


Dungeon Overview and Level Annotations

Branches:
Dungeon (1/15)

Altars:


Innate Abilities, Weirdness & Mutations

Your flesh is heat resistant.


Message History

The gnoll hits you but does no damage.
Casting: Magic Dart
Confirm with . or Enter, or press ? or * to list all spells.
Aiming: Magic Dart
Press: ? - help, Shift-Dir - straight line, f/p - gnoll
Aim: a gnoll, wielding a halberd and wearing a leather armour (moderately wounded)
The magic dart hits the gnoll.
The gnoll is moderately wounded.
The gnoll hits you from afar with a halberd.
* * * LOW HITPOINT WARNING * * *
Casting: Magic Dart
Confirm with . or Enter, or press ? or * to list all spells.
Aiming: Magic Dart
Press: ? - help, Shift-Dir - straight line, f/p - gnoll
Aim: a gnoll, wielding a halberd and wearing a leather armour (moderately wounded)
The magic dart hits the gnoll.
The gnoll is heavily wounded.
The gnoll hits you from afar with a halberd!
Ouch! That really hurt!
You die...

######## #......#
#......##########
#...............#
#...............#
##...............###
......>.......g.@..#
.................#.#
.................#.####
.............#####.(..#
........###### #####.#
.....############...#.#
.....#......[......##.#
.....#.#########...##.#
......................#


You could see a gnoll.

Vanquished Creatures
  4 dart slugs (D:1)
  2 goblins (D:1)
  A ball python (D:1)
  A giant newt (D:1)
  3 kobolds (D:1)
  A rat (D:1)
12 creatures vanquished.

Notes
Turn   | Place    | Note
--------------------------------------------------------------
     0 | D:1      | Eucla the Demonspawn Wanderer began the quest for the Orb.
     0 | D:1      | Eucla set off with: a book of Minor Magic, Byekevin's Grimoire of Transmutation, a potion of curing, a +0 robe, a +0 dagger, a bread ration
     0 | D:1      | Reached XP level 1. HP: 13/13 MP: 5/5
     3 | D:1      | Identified Byekevin's Grimoire of Transmutation
     5 | D:1      | Learned a level 1 spell: Magic Dart
    10 | D:1      | Learned a level 1 spell: Beastly Appendage
   342 | D:1      | Reached skill level 1 in Unarmed Combat
   462 | D:1      | Gained mutation: Your flesh is heat resistant. [demonic ancestry]
   462 | D:1      | Reached XP level 2. HP: 19/19 MP: 0/7
   466 | D:1      | Learned a level 2 spell: Blink
  1114 | D:1      | Mangled by a gnoll

Vault maps used:
D:1:      minmay_arrival_semitransparent

Skill      XL: |  1 |
---------------+----+-----
Unarmed Combat | 1 |  1.5
Stealth        | |  1.7
Spellcasting   | |  4.1
Conjurations   | |  2.0
Translocations | |  1.7

Action                   || total
-------------------------++-------
Melee: Dagger            ||    13
       Unarmed           ||    18
 Cast: Magic Dart        ||    39
  Use: Potion            ||     2
Armor: Robe              ||     7
Dodge: Dodged            ||    30
